 Dungeon Crawl Stone Soup version 0.15-a0-348-gfef1ba5 (console) character file.

260 yrew the Digger (level 5, 0/35 HPs)
             Began as a Formicid Earth Elementalist on May 2, 2014.
             Killed from afar by Sigmund (12 damage)
             ... with a magic dart
             ... on Level 3 of the Dungeon.
             The game lasted 00:41:11 (3297 turns).

yrew the Digger (Formicid Earth Elementalist)       Turns: 3297, Time: 00:41:11

HP   0/35        AC  9     Str 13      XL: 5   Next: 93%
MP   5/14        EV 11     Int 15      God:
Gold 78          SH  0     Dex 11      Spells:  4 memorised,  2 levels left

rFire  . . .     SeeInvis +     b - 65 stones
rCold  . . .     Clarity  .     E - +0 leather armour {MR+}
rNeg   . . .     Conserve .     (no shield)
rPois  .         rCorr    .     (helmet unavailable)
rElec  .         rRot     .     l - +0 cloak
SustAb . .       Spirit   .     (no gloves)
rMut   .         Warding  .     y - +1 pair of boots
Saprov . . .     Stasis   +     (no amulet)
MR     +....                    (no ring)
                                (no ring)

@: stone skin, drained, somewhat resistant to hostile enchantments, unstealthy
A: permanent stasis, dig shafts and tunnels, four strong arms, antennae 3
a: Dig, Shaft Self


You were on level 3 of the Dungeon.
You were not hungry.

You visited 1 branch of the dungeon, and saw 3 of its levels.

You collected 78 gold pieces.

Inventory:

Hand weapons
 c - a +1,+2 mace of protection
 g - a +0,+0 sling
 o - a +1,+0 whip of flaming
 q - a +0,+0 quarterstaff
 C - a +0,+0 dagger
 F - a +1,+2 whip of draining
Missiles
 b - 65 stones (in hand)
 i - 21 bolts
 j - 3 steel darts
 n - 15 darts of frost
 p - 4 darts
Armour
 l - a +0 cloak (worn)
 y - a +1 pair of boots (worn)
 E - a +0 leather armour of magic resistance (worn)
Comestibles
 a - 3 bread rations
 h - a rotting chunk of orc flesh
 k - a rotting chunk of rat flesh
 r - an apple
 u - a chunk of felid flesh
 w - a chunk of hobgoblin flesh
 x - a chunk of adder flesh
 A - a beef jerky
 D - a chunk of rat flesh
Scrolls
 e - 2 scrolls of remove curse
 B - a scroll of blinking {unknown}
Potions
 f - 2 potions of curing
 m - a potion of restore abilities {unknown}
 s - a potion of flight {unknown}
 t - a potion of degeneration {unknown}
 v - a potion of mutation {unknown}
Books
 d - a book of Geomancy

   Spells                             Type                      Level
   *Sandblast                         Earth                        1
   *Stoneskin                         Transmutation/Earth          2
   *Passwall                          Transmutation/Earth          3
   *Stone Arrow                       Conjuration/Earth            3
   Petrify                            Transmutation/Earth          4
   Lee's Rapid Deconstruction         Earth                        5


   Skills:
 + Level 0.6(0.1) Maces & Flails
 + Level 1.2(0.7) Armour
 + Level 2.6(2.1) Dodging
 + Level 2.7(2.1) Stealth
 + Level 3.8(3.2) Spellcasting
 + Level 1.1(0.6) Transmutations
 + Level 5.0(4.4) Earth Magic


You had 2 spell levels left.
You knew the following spells:

 Your Spells              Type           Power        Failure   Level  Hunger
a - Sandblast             Erth           ###...       3%          1    #......
b - Stoneskin             Trmt/Erth      ##........   12%         2    ##.....
c - Passwall              Trmt/Erth      ##........   24%         3    ###....
d - Stone Arrow           Conj/Erth      #.....       24%         3    ###....


Dungeon Overview and Level Annotations

Branches:
Dungeon (3/15)

Altars:

Annotations:
D:3 1 exclusion, Sigmund


Innate Abilities, Weirdness & Mutations

Your are under a permanent stasis effect.
You can dig through walls and to a lower floor.
Your four strong arms can wield two-handed weapons with a shield.
You have a pair of large antennae on your head (SInv).


Message History

The rocky blast hits Sigmund.
Sigmund is heavily wounded.
Sigmund hits you but does no damage.
Casting: Sandblast
Confirm with . or Enter, or press ? or * to list all spells.
Aiming: Sandblast
Press: ? - help, Shift-Dir - straight line, f/p - Sigmund
Aim: Sigmund, wielding a scythe and wearing a robe (heavily wounded)
The rocky blast hits Sigmund.
Sigmund is severely wounded.
Casting: Sandblast
Confirm with . or Enter, or press ? or * to list all spells.
Aiming: Sandblast
Press: ? - help, Shift-Dir - straight line, f/p - Sigmund
Aim: Sigmund, wielding a scythe and wearing a robe (severely wounded)
The rocky blast hits Sigmund.
Sigmund is almost dead.
Sigmund points at you and mumbles some strange words.
The magic dart hits you!
You die...

##### ########♣♣ ...
#>........ #.# #.........
#@# #.........
###.#.#)#######........♣
.......@..(..........##♣♣
###..<#.#######.....#
#.......# #.....#
#.......# #..%..#
.......# #...).# ......#
#.....### $.:.##
#.......#


You could see Sigmund.

Vanquished Creatures
  Natasha (twice) (D:3)
  An ogre zombie (D:3)
  4 gnolls (D:2)
  3 adders
  An ooze (D:1)
  An orc (D:3)
  4 giant cockroaches
  9 goblins
  11 hobgoblins
  6 jackals
  2 ball pythons (D:2)
  4 bats (D:2)
  5 giant newts
  6 kobolds
  9 rats
68 creatures vanquished.

Notes
Turn   | Place    | Note
--------------------------------------------------------------
     0 | D:1      | yrew, the Formicid Earth Elementalist, began the quest for the Orb.
     0 | D:1      | Reached XP level 1. HP: 13/13 MP: 3/3
   226 | D:1      | Reached skill level 4 in Earth Magic
   226 | D:1      | Reached XP level 2. HP: 11/19 MP: 0/5
   373 | D:1      | Learned a level 2 spell: Stoneskin
  1167 | D:1      | Reached XP level 3. HP: 12/24 MP: 4/7
  1884 | D:2      | Reached XP level 4. HP: 30/30 MP: 6/9
  2487 | D:2      | Reached XP level 5. HP: 31/35 MP: 3/13
  2717 | D:1      | Learned a level 3 spell: Passwall
  2832 | D:2      | Learned a level 3 spell: Stone Arrow
  2953 | D:3      | Noticed Natasha
  2963 | D:3      | Killed Natasha
  2963 | D:3      | Reached skill level 5 in Earth Magic
  3043 | D:3      | Noticed Natasha
  3053 | D:3      | Killed Natasha
  3090 | D:3      | Reached skill level 1 in Armour
  3280 | D:3      | Noticed Sigmund
  3297 | D:3      | Killed from afar by Sigmund

Action                   |  1- 3 |  4- 6 || total
-------------------------+-------+-------++-------
Melee: Club              |    11 |       ||    11
       Whip              |    37 |    32 ||    69
       Mace              |       |    19 ||    19
       Dagger            |       |     2 ||     2
 Cast: Sandblast         |    44 |    69 ||   113
       Stoneskin         |     1 |     2 ||     3
       Stone Arrow       |       |     1 ||     1
 Abil: Dig               |       |     1 ||     1
  Use: Scroll            |     2 |     4 ||     6
 Stab: Sleeping          |     2 |     1 ||     3
